 Dungeon Crawl Stone Soup version 0.29-a0-334-gb41bcbb86e (webtiles) character file.

Game seed: 11860995059685276301

813 Jortsu the Cudgeller (level 7, 0/68 HPs)
             Began as a Troll Fighter on Apr 15, 2022.
             Was a Follower of Ashenzari.
             Slain by an iguana (10 damage)
             ... on level 5 of the Dungeon.
             The game lasted 00:06:08 (3849 turns).

Jortsu the Cudgeller (Troll Fighter)                Turns: 3849, Time: 00:06:09

Health: 0/68       AC:  6    Str: 25    XL:     7   Next: 61%
Magic:  6/6        EV:  9    Int:  4    God:    Ashenzari [*.....]
Gold:   207        SH:  8    Dex: 11    Spells: 6/6 levels left

rFire   . . .      SeeInvis .   a - +1 flail
rCold   . . .      Faith    .   c - +0 kite shield
rNeg    . . .      Spirit   .   b - +0 robe "At What Cost Knowledge?" {Comp, Melee} (curse)
rPois   .          Reflect  .   m - +2 hat "Omniscient Repose" {Cun, Melee} (curse)
rElec   .          Harm     .   (no cloak)
rCorr   .          Rampage  .   (gloves unavailable)
Will    .....                   (boots unavailable)
Stlth   ++........              p - amulet of regeneration
HPRegen 1.81/turn               (no ring)
MPRegen 0.10/turn               (no ring)

@: no status effects
A: large, unfitting armour, claws 3, regeneration 1, shaggy fur 1, tough skin 1
a: Renounce Religion, Curse Item, Shatter the Chains


You were on level 5 of the Dungeon.
You worshipped Ashenzari.
Ashenzari was aware of your devotion.
You visited 1 branch of the dungeon, and saw 5 of its levels.

You collected 207 gold pieces.

Inventory:

Hand Weapons
 a - a +1 flail (weapon)
Armour
 b - the cursed +0 robe "At What Cost Knowledge?" (worn) {Comp, Melee}

   It has a curse which improves the following skills: Companions: Summonings
   and Necromancy.
   Melee Combat: Short Blades, Long Blades, Axes, Maces & Flails, Polearms,
   Staves and Unarmed Combat.
 c - a +0 kite shield (worn)
 m - the cursed +2 hat "Omniscient Repose" (worn) {Cun, Melee}
   (You found it on level 1 of the Dungeon)

   It has a curse which improves the following skills: Cunning: Dodging and
   Stealth.
   Melee Combat: Short Blades, Long Blades, Axes, Maces & Flails, Polearms,
   Staves and Unarmed Combat.
Jewellery
 p - an amulet of regeneration (around neck)
Scrolls
 i - 3 scrolls of teleportation
 n - 3 scrolls of enchant weapon
 o - a scroll of blinking
Potions
 d - 2 potions of flight
 e - a potion of resistance
 f - a potion of curing
 g - a potion of cancellation
 h - 2 potions of ambrosia
 k - a potion of attraction
 l - a potion of lignification


   Skills:
 + Level 3.8 Fighting
 + Level 5.0(6.3) Maces & Flails
 + Level 4.0(4.8) Dodging
 + Level 0.9(1.4) Stealth
 + Level 3.9 Shields


You had 6 spell levels left.
You didn't know any spells.
Your spell library contained the following spells:

 Spells                   Type           Power      Damage    Failure   Level
 Static Discharge         Conj/Air       0%         N/A       89%         2
 Gell's Gravitas          Tloc           0%         N/A       98%         3
 Lesser Beckoning         Tloc           0%         N/A       98%         3
 Stone Arrow              Conj/Erth      0%         3d7       98%         3
 Teleport Other           Tloc           0%         N/A       98%         3
 Animate Armour           Summ/Erth      0%         N/A       100%        4
 Lightning Bolt           Conj/Air       0%         1d11      100%        5
 Lehudib's Crystal Spear  Conj/Erth      0%         10d2      100%        8
 Maxwell's Capacitive Co  Air            0%         ∞         100%        8


Dungeon Overview and Level Annotations

Branches:
Dungeon (5/15)             Temple (0/1) D:4

Altars:
Ashenzari
Okawaru


Innate Abilities, Weirdness & Mutations

You are too large for most types of armour.
You have claws for hands.
Your natural rate of healing is unusually fast.
You are covered in fur. (AC +1)
You have tough skin. (AC +1)


Message History

Your Dodging skill increases to level 4!
You see here an iguana corpse.
An ogre comes into view. It is wielding a +0 giant spiked club.
The ogre shouts!
Found an iron altar of Okawaru.
An iguana comes into view.
The iguana hisses angrily.
You hit the ogre but do no damage.
The ogre hits you with a +0 giant spiked club!!
You sock the ogre!
The ogre is moderately wounded.
The iguana hisses menacingly.
The ogre hits you with a +0 giant spiked club!!
* * * LOW HITPOINT WARNING * * *
You hit the ogre.
The ogre is heavily wounded.
You barely miss the ogre.
The ogre is heavily wounded.
The ogre hits you with a +0 giant spiked club.
* * * LOW HITPOINT WARNING * * *
The iguana bites you!
* * * LOW HITPOINT WARNING * * *
You closely miss the ogre.
The ogre is heavily wounded.
You block the ogre's attack. The iguana closely misses you.
You hit the ogre but do no damage.
The ogre is heavily wounded.
The iguana barely misses you. You block the ogre's attack.
You hit the ogre.
The ogre is heavily wounded.
You block the iguana's attack. You block the ogre's attack.
The iguana bites you.
* * * LOW HITPOINT WARNING * * *
You hit the ogre.
The ogre is severely wounded.
The iguana barely misses you. You block the ogre's attack.
You hit the ogre.
The ogre is almost dead.
The iguana bites you!
You die...

#........†.....#
......
#........†.....# #
##....
#.†............#.#
....
#...........####.#
#................#
#................#
#..........(.....##.
#............l......
########....@O......
#............
#............
#.##8..8##...
###_.....# ..
###..### . ....#
#..## ...


You could see an ogre and an iguana.

Vanquished Creatures
  Sigmund (D:2)
  Menkaure (D:4)
  A gnoll sergeant (D:4)
  A scorpion (D:5)
  4 hounds
  Terence (D:3)
  2 iguanas
  8 gnolls
  5 adders
  2 ufetubi (D:4)
  2 dart slugs
  9 orcs (D:3)
  3 ball pythons
  4 endoplasms
  2 giant cockroaches
  3 goblins
  5 hobgoblins
  7 jackals (D:3)
  5 quokkas
  3 bats
  2 frilled lizards (D:2)
  10 kobolds
  4 rats
85 creatures vanquished.

Vanquished Creatures (others)
  3 plants (D:3)
3 creatures vanquished.

Grand Total: 88 creatures vanquished

Notes
Turn   | Place    | Note
-------+----------+-------------------------------------------
     0 | D:1      | Jortsu the Troll Fighter began the quest for the Orb.
     0 | D:1      | Reached XP level 1. HP: 22/22 MP: 0/0
    23 | D:1      | Found a faded altar of an unknown god.
    31 | D:1      | Prayed at the altar of an unknown god.
    31 | D:1      | Became a worshipper of Ashenzari the Shackled
   814 | D:2      | Reached XP level 2. HP: 26/29 MP: 1/1
   841 | D:2      | Reached skill level 2 in Maces & Flails
   862 | D:2      | Noticed Sigmund
   873 | D:2      | Killed Sigmund
   874 | D:2      | Reached skill level 3 in Maces & Flails
   874 | D:2      | Reached XP level 3. HP: 34/37 MP: 2/2
   874 | D:2      | Reached XP level 4. HP: 42/45 MP: 3/3
   874 | D:2      | Reached XP level 5. HP: 49/53 MP: 4/4
  1286 | D:3      | Noticed Terence
  1295 | D:3      | Killed Terence
  1401 | D:4      | Reached XP level 6. HP: 36/61 MP: 5/5
  1814 | D:3      | Reached * piety under Ashenzari
  2368 | D:4      | Found a staircase to the Ecumenical Temple.
  2380 | D:4      | Reached skill level 4 in Maces & Flails
  2701 | D:4      | Noticed Menkaure
  2716 | D:4      | Killed Menkaure
  2717 | D:4      | Reached XP level 7. HP: 49/67 MP: 6/6
  3390 | D:5      | Entered Level 5 of the Dungeon
  3806 | D:5      | Reached skill level 5 in Maces & Flails
  3838 | D:5      | Found an iron altar of Okawaru.
  3844 | D:5      | HP: 2/68 [iguana (11)]
  3849 | D:5      | Slain by an iguana

Illustrated notes

Levels and vault maps discovered:
D:1:      lightli_arrival_farm, layout_basic,
          hellmonk_ecumenical_altar_crossroads
D:2:      layout_rooms, uniq_sigmund
D:3:      layout_basic, serial_forest, infiniplex_forest_lined_2,
          infiniplex_forest_clump_small, infiniplex_forest_lined_3_way,
          infiniplex_forest_clump_tiny, infiniplex_forest_clump_small,
          infiniplex_forest_corner_1, infiniplex_forest_clump_long, uniq_terence
D:4:      layout_basic, minmay_temple_entry_drinking_statues, uniq_menkaure
D:5:      layout_basic, minitemple

Skill      XL: |  1  2  3  4  5  6  7 |
---------------+----------------------+-----
Maces & Flails | 3 4 5 |  5.0
Fighting       | 3 |  3.8
Dodging        | 3 4 |  4.0
Shields        | 3 |  3.9
Stealth        | |  0.9

Action                   |  1- 3 |  4- 6 |  7- 9 || total
-------------------------+-------+-------+-------++-------
Melee: Flail             |    50 |   182 |    71 ||   303
Invok: Curse Item        |     1 |     1 |       ||     2
  Use: Scroll            |     3 |     3 |       ||     6
       Potion            |     1 |       |       ||     1
 Stab: Sleeping          |     1 |       |     1 ||     2
Armor: Robe              |    28 |    83 |    25 ||   136
Dodge: Dodged            |    27 |   106 |    43 ||   176
Block: Kite shield       |    12 |   105 |    43 ||   160

Table legend: (Time is in decaauts)
 A = Elapsed time spent in this place.
 B = Non-inter-level travel time spent in this place.
 C = Inter-level travel time spent in this place.
 D = Time resting spent in this place.
 E = Time spent auto-exploring this place.
 F = Levels seen in this place.
 G = Mean time per level.
                   A        B        C        D        E       F      G
               +--------+--------+--------+--------+--------+-----+--------+
         Total |   3964 |   3863 |    101 |    555 |   2403 |   5 |  792.8 |
       Dungeon |   3964 |   3863 |    101 |    555 |   2403 |   5 |  792.8 |
               +--------+--------+--------+--------+--------+-----+--------+

Top non-repeatable levels by time:
     D:4: 1648 daAuts
     D:3: 903 daAuts
     D:1: 833 daAuts
     D:2: 479 daAuts
     D:5: 99 daAuts
